 Dungeon Crawl Stone Soup version 0.28-a0-1493-g08698888e4 (webtiles) character file.

Game seed: 14863116045468945423

8 knot the Chopper (level 2, 23/24 HPs)
             Began as a Demonspawn Berserker on Jan 13, 2022.
             Was a Follower of Trog.
             Quit the game on level 1 of the Dungeon.
             The game lasted 00:00:12 (222 turns).

knot the Chopper (Demonspawn Berserker)              Turns: 222, Time: 00:00:13

Health: 23/24      AC:  2    Str: 17    XL:     2   Next: 0%
Magic:  2/2        EV: 12    Int:  8    God:    Trog [*.....]
Gold:   0          SH:  4    Dex: 12    Spells: 1/1 levels left

rFire   . . .      SeeInvis .   a - +0 hand axe
rCold   . . .      Faith    .   (no shield)
rNeg    . . .      Spirit   .   b - +0 animal skin
rPois   .          Reflect  .   (no helmet)
rElec   .          Harm     .   (no cloak)
rCorr   .          Rampage  .   (no gloves)
Will    .....                   (no boots)
Stlth   +.........              (no amulet)
HPRegen 0.08/turn               (no ring)
MPRegen 0.08/turn               (no ring)

@: no status effects
A: condensation shield
a: Renounce Religion, Berserk


You were on level 1 of the Dungeon.
You worshipped Trog.
Trog was aware of your devotion.
You visited 1 branch of the dungeon, and saw 1 of its levels.

Inventory:

Hand Weapons
 a - a +0 hand axe (weapon)
Armour
 b - a +0 animal skin (worn)
Potions
 c - 2 potions of degeneration {unknown}
 d - a potion of attraction {unknown}


   Skills:
 - Level 3.0 Fighting
 + Level 3.2 Axes
 - Level 1.7 Armour
 - Level 1.7 Dodging


You had one spell level left.
You didn't know any spells.
Your spell library contained the following spells:

 Spells                   Type           Power      Damage    Failure   Level
 Static Discharge         Conj/Air       0%         N/A       54%         2
 Lightning Bolt           Conj/Air       0%         1d11      100%        5
 Maxwell's Capacitive Co  Air            0%         ∞         100%        8


Dungeon Overview and Level Annotations

Branches:
Dungeon (1/15)

Altars:


Innate Abilities, Weirdness & Mutations

A meltable shield of frost defends you. (SH +4)


Message History

No target in view!
A goblin and a rat come into view.
Found a stone staircase leading down.
The rat moves out of view.
A goblin is nearby!
There are monsters nearby!
The goblin hits you with a +0 club.
You hit the goblin.
You kill the goblin!
Trog accepts your kill.
You hit the rat. The rat bites you.
You closely miss the rat.
The rat is heavily wounded.
The rat bites you but does no damage.
You hit the rat.
You kill the rat!
Trog accepts your kill.
No target in view!
No target in view!
Things that are here:
a +0 club; a goblin corpse You see here a rat corpse.
d - a glowing inky potion No target in view!
You see here a rat corpse.
You pick up a book of Lightning and begin reading...
You add the spells Static Discharge, Lightning Bolt and Maxwell's Capacitive Coupling to your library.
No target in view!
No target in view!
No target in view!
A goblin comes into view. It is wielding a +0 dagger.
A goblin is nearby!
The goblin closely misses you.
You barely miss the goblin. The goblin hits you with a +0 dagger.
You slash the goblin!
You kill the goblin!
Trog accepts your kill.
You have reached level 2!
Your demonic ancestry asserts itself...
Frost condenses into a shield before you.
Are you sure you want to abandon this character and quit the game? (Confirm with "yes".)

.... ... #..### .... #...
...###..#### .......)...#
###@##.# #...##.# #....#.#
#....#.#..# ####.#.#... ###
#########...##.# #...
#...........##.# ##
##...####.######...##.# ..
........).#......#.##.###.#


There were no monsters in sight!

Vanquished Creatures
  An endoplasm (D:1)
  4 goblins (D:1)
  2 rats (D:1)
7 creatures vanquished.

Notes
Turn   | Place    | Note
-------+----------+-------------------------------------------
     0 | D:1      | knot the Demonspawn Berserker began the quest for the Orb.
     0 | D:1      | Reached XP level 1. HP: 18/18 MP: 1/1
   222 | D:1      | Gained mutation: A meltable shield of frost defends you.
                  | (SH +4) [demonic ancestry]
   222 | D:1      | Reached XP level 2. HP: 23/24 MP: 2/2
   222 | D:1      | Quit the game

Illustrated notes

Levels and vault maps discovered:
D:1:      amcnicky_arrival_double_pillar, layout_basic

Skill      XL: |  1 |
---------------+----+-----
Axes           | 3 |  3.2
Fighting       | |  3.0
Armour         | |  1.7
Dodging        | |  1.7

Action                   || total
-------------------------++-------
Melee: Hand axe          ||    14
 Stab: Sleeping          ||     1
Armor: Animal skin       ||     4
Dodge: Dodged            ||     4

Table legend: (Time is in decaauts)
 A = Elapsed time spent in this place.
 B = Non-inter-level travel time spent in this place.
 C = Inter-level travel time spent in this place.
 D = Time resting spent in this place.
 E = Time spent auto-exploring this place.
 F = Levels seen in this place.
 G = Mean time per level.
                   A        B        C        D        E       F      G
               +--------+--------+--------+--------+--------+-----+--------+
         Total |    224 |    224 |      0 |      0 |    182 |   1 |  224.0 |
       Dungeon |    224 |    224 |      0 |      0 |    182 |   1 |  224.0 |
               +--------+--------+--------+--------+--------+-----+--------+

Top non-repeatable levels by time:
     D:1: 224 daAuts
